 Dungeon Crawl Stone Soup version 0.30-a0-371-gad7725a93e (webtiles) character file.

Game seed: 1324441162404518644

53 JOEMAMA2 the Trooper (level 3, 0/51 HPs)
             Began as a Minotaur Berserker on Nov 20, 2022.
             Was a Believer of Trog.
             Slain by Robin
             ... wielding a +0 falchion
              (7 damage)
             ... on level 2 of the Dungeon.
             The game lasted 00:01:44 (903 turns).

JOEMAMA2 the Trooper (Minotaur Berserker)            Turns: 903, Time: 00:01:44

Health: 0/51       AC:  2    Str: 23    XL:     3   Next: 62%
Magic:  2/2        EV: 12    Int:  4    God:    Trog [**....]
Gold:   60         SH:  0    Dex:  9    Spells: 2/2 levels left

rFire   . . .      SeeInvis .    a - +0 hand axe
rCold   . . .      Faith    .    (no shield)
rNeg    . . .      Spirit   .    b - +0 animal skin
rPois   .          Reflect  .    (helmet restricted)
rElec   .          Harm     .    (no cloak)
rCorr   .          Rampage  .    (no gloves)
Will    .....                    (no boots)
Stlth   ..........               (no amulet)
HPRegen 0.28/turn                (no ring)
MPRegen 0.08/turn                (no ring)

@: berserking, very quick
A: horns 2, retaliatory headbutt
a: Renounce Religion, Berserk, Trog's Hand


You were on level 2 of the Dungeon.
You worshipped Trog.
Trog was pleased with you.
You visited 1 branch of the dungeon, and saw 2 of its levels.

You collected 60 gold pieces.

Inventory:

Hand Weapons
 a - a +0 hand axe (weapon)
Armour
 b - a +0 animal skin (worn)
Scrolls
 c - 3 scrolls of identify {unknown}
 d - a scroll of magic mapping {unknown}
Potions
 e - 2 potions of curing {unknown}


   Skills:
 + Level 4.5 Fighting
 + Level 4.4 Axes
 + Level 2.6 Armour
 + Level 2.7 Dodging


You had 2 spell levels left.
You didn't know any spells.
Your spell library was empty.

Dungeon Overview and Level Annotations

Branches:
Dungeon (2/15)

Altars:

Annotations:
D:2 Robin


Innate Abilities, Weirdness & Mutations

You have a pair of horns on your head.
You reflexively headbutt those who attack you in melee.


Message History

You headbutt the goblin, but do no damage.
The goblin hits you with a +0 club.
You closely miss the goblin. The goblin hits you with a +0 club.
Unknown command.
You barely miss the goblin. The goblin closely misses you.
Robin of the Strong Arm comes into view.
They are wielding a +0 falchion.
You hit the goblin.
You kill the goblin!
Trog accepts your kill.
You barely miss the goblin. The goblin hits you with a +0 dagger.
A hobgoblin comes into view.
The goblin hits you with a +0 dagger.
You hit the goblin.
You kill the goblin!
Trog accepts your kill.
Robin roars a battlecry!
The goblins go into a battle-frenzy!
You hear a shout!
You slash the goblin!
You kill the goblin!
Trog accepts your kill.
You barely miss the goblin.
The goblin hits you with a +3 dagger of protection!
A hobgoblin comes into view.
You hit the goblin but do no damage. Your headbutt misses the goblin.
The goblin hits you with a +3 dagger of protection.
* * * LOW HITPOINT WARNING * * *
A goblin comes into view. It is wielding a +0 dagger.
The goblin shouts!
The goblin falls through a shaft!
The shaft crumbles and collapses.
A red film seems to cover your vision as you go berserk!
You feel yourself moving faster!
You feel mighty!
A goblin comes into view. It is wielding a +0 club.
You barely miss the hobgoblin. The hobgoblin hits you.
* * * LOW HITPOINT WARNING * * *
You hit the hobgoblin but do no damage. You headbutt the hobgoblin.
You kill the hobgoblin!
Trog accepts your kill. Robin hits you with a +0 falchion!
You die...

###.#######<..#...#
#.........##.###.###
#.#.#####)..†..†....
#####....####..#####....
(......#.......# #.##.
#........####.## #....
#.#####.## #.# #.##. #
#.# #.# #.##. #@# #.#
##.##. #g# #.. ........
#g# ####.### #.# #.# #g#
..# .#. ### # . .


You could see Robin, a hobgoblin (strong) and a goblin (strong).

Vanquished Creatures
  5 bats
  4 endoplasms (D:1)
  A giant cockroach (D:1)
  5 goblins
  5 hobgoblins
  4 jackals (D:1)
  3 quokkas (D:1)
  6 ball pythons
  3 frilled lizards (D:1)
  5 kobolds (D:1)
  5 rats
46 creatures vanquished.

Notes
Turn   | Place    | Note
-------+----------+-------------------------------------------
     0 | D:1      | JOEMAMA2 the Minotaur Berserker began the quest for the
                  | Orb.
     0 | D:1      | Reached XP level 1. HP: 19/19 MP: 0/0
    65 | D:1      | Reached XP level 2. HP: 26/27 MP: 1/1
   335 | D:1      | Reached ** piety under Trog
   386 | D:1      | Reached XP level 3. HP: 23/34 MP: 2/2
   782 | D:2      | Found the +8 demon trident "Rift" {distort, reach+}
   892 | D:2      | Noticed Robin
   903 | D:2      | Slain by Robin

Illustrated notes

Levels and vault maps discovered:
D:1:      giann_bridges, layout_basic
D:2:      minmay_diamond_boxcup, layout_loops_ring, kennysheep_generic_room_3,
          uniq_sigmund, uniq_robin

Skill      XL: |  1  2 |
---------------+-------+-----
Fighting       | 4 |  4.5
Axes           | 4 |  4.4
Armour         | |  2.6
Dodging        | |  2.7

Action                   || total
-------------------------++-------
Melee: Hand axe          ||   104
       Headbutt          ||     9
       Punch             ||     1
Invok: Berserk           ||     1
 Stab: Sleeping          ||     1
Armor: Animal skin       ||    24
Dodge: Dodged            ||    62

Table legend: (Time is in decaauts)
 A = Elapsed time spent in this place.
 B = Non-inter-level travel time spent in this place.
 C = Inter-level travel time spent in this place.
 D = Time resting spent in this place.
 E = Time spent auto-exploring this place.
 F = Levels seen in this place.
 G = Mean time per level.
                   A        B        C        D        E       F      G
               +--------+--------+--------+--------+--------+-----+--------+
         Total |    912 |    898 |     14 |      0 |    681 |   2 |  456.0 |
       Dungeon |    912 |    898 |     14 |      0 |    681 |   2 |  456.0 |
               +--------+--------+--------+--------+--------+-----+--------+

Top non-repeatable levels by time:
     D:1: 732 daAuts
     D:2: 179 daAuts
